 Dungeon Crawl Stone Soup version 0.25.0-10-g039870ee82 (webtiles) character file.

Game seed: 2122205665955419171

16409 protoss039 the Eclecticist (level 12, -12/93 HPs)
             Began as a Deep Elf Earth Elementalist on June 24, 2020.
             Was an Elder of Vehumet.
             Mangled by a minotaur
             ... wielding a +4 glaive of venom
              (29 damage)
             ... in a Gauntlet.
             The game lasted 00:45:41 (12029 turns).

protoss039 the Eclecticist (DEEE)                  Turns: 12029, Time: 00:45:42

Health: -12/93     AC: 30    Str: 11    XL:     12   Next: 9%
Magic:  4/34       EV:  2    Int: 26    God:    Vehumet [****..]
Gold:   623        SH:  0    Dex: 15    Spells: 29/44 levels left

rFire    . . .     SeeInvis .   k - +7 scimitar "Jaump" {freeze, rN+ MR+}
rCold    . . .     Gourm    .   (no shield)
rNeg     + + +     Faith    .   (armour currently unavailable)
rPois    +         Spirit   .   (helmet currently unavailable)
rElec    .         Reflect  .   (cloak currently unavailable)
rCorr    .         Harm     .   (gloves currently unavailable)
MR       ++...     NoTele   +   (boots currently unavailable)
Stlth    ++........             p - amulet of magic regeneration
HPRegen  0.25/turn              l - +6 ring of strength
MPRegen  0.49/turn              I - +4 ring of protection

@: tree-form, stab
A: no striking features
a: Renounce Religion


You were in a Gauntlet.
You worshipped Vehumet.
Vehumet was greatly pleased with you.
You were not hungry.
You were a tree.
You visited 2 branches of the dungeon, and saw 12 of its levels.
You also visited: Gauntlet.

You collected 623 gold pieces.

Inventory:

Hand Weapons
 k - the +7 scimitar "Jaump" (weapon) {freeze, rN+ MR+}
   (You found it in a Gauntlet)

   It has been specially enchanted to freeze those struck by it, causing extra
   injury to most foes and up to half again as much damage against particularly
   susceptible opponents.
   It can also slow down cold-blooded creatures.
   It protects you from negative energy.
   It affects your resistance to hostile enchantments.
 s - a +1 dagger of venom
Missiles
 b - 109 stones (quivered)
Armour
 y - a +0 pair of gloves (melded)
 A - a +1 cloak (melded)
 D - a +0 robe (melded)
 K - a +2 hat of see invisible (melded)
 L - a scarf of resistance
Jewellery
 l - a +6 ring of strength (left branch)
 p - an amulet of magic regeneration (around neck)
 q - a +6 ring of dexterity
 I - a +4 ring of protection (right branch)
Wands
 f - a wand of iceblast (12)
 t - a wand of polymorph (3)
 u - a wand of flame (57)
 x - a wand of acid (10)
Scrolls
 a - a scroll of remove curse
 e - 6 scrolls of teleportation
 g - 2 scrolls of magic mapping
 B - a scroll of amnesia
 E - a scroll of blinking
 J - a scroll of enchant weapon
 M - a scroll of enchant armour
Potions
 h - a potion of resistance
 j - 3 potions of flight
 m - a potion of invisibility {unknown}
 n - 2 potions of mutation
 o - 3 potions of curing
 r - 2 potions of degeneration {unknown}
 v - a potion of lignification
 w - 2 potions of might {unknown}
 C - 2 potions of magic {unknown}
 G - 2 potions of stabbing
 H - a potion of brilliance {unknown}
Comestibles
 d - 21 rations


   Skills:
 + Level 1.9 Fighting
 - Level 2.4 Dodging
 - Level 2.4 Stealth
 * Level 16.8 Spellcasting
 + Level 4.4 Conjurations
 + Level 2.1 Transmutations
 * Level 14.3 Earth Magic


You had 29 spell levels left.
You knew the following spells:

 Your Spells              Type           Power        Failure   Level  Hunger
a - Sandblast             Erth           ######       0%          1    None
b - Passwall              Tmut/Erth      ######..     1%          2    None
c - Stone Arrow           Conj/Erth      ######       1%          3    None
d - Petrify               Tmut/Erth      ######..     1%          4    None
e - Lee's Rapid Deconstr  Erth           #######...   1%          5    None

Your spell library contained the following spells:

 Spells                   Type           Power        Failure   Level  Hunger
 Irradiate                Conj/Tmut      #####.....   4%          5    None
 Animate Skeleton         Necr           N/A          2%          1    None
 Pain                     Necr           ###.         2%          1    None
 Vampiric Draining        Necr           ###.......   7%          3    None
 Animate Dead             Necr           N/A          22%         4    None
 Agony                    Necr           ###.....     54%         5    None


Dungeon Overview and Level Annotations

Branches:
Dungeon (11/15)            Temple (1/1) D:5            Lair (0/6) D:8
Gauntlet (1/1)
    Orc: D:9-12

Altars:
Ashenzari
Cheibriados
Dithmenos
Elyvilon
Fedhas
Gozag
Hepliaklqana
Kikubaaqudgha
Makhleb
Nemelex Xobeh
Okawaru
Qazlal
Ru
Sif Muna
Trog
Uskayaw
Vehumet
Wu Jian
Xom
Yredelemnul
Zin
The Shining One

Shops:
D:7 [   D:8 !%

Annotations:
D:3 3 runed translucent doors, IHuginn's ghost, amateur DEAE Gauntlet 12 transporters, exclusion: orange crystal statue


Message History

Unknown command.
Casting: Lee's Rapid Deconstruction (safe; 1% risk of failure)
Confirm with . or Enter, or press ? or * to list all spells.
Aiming: Lee's Rapid Deconstruction (safe; 1% risk of failure)
Press: ? - help, Dir - move target cursor A granite statue.
The statue shatters!
The blast of rock fragments hits the minotaur!
The minotaur is severely wounded.
The minotaur hits you from afar with a +4 glaive of venom!
* * * LOW HITPOINT WARNING * * *
Unknown command.
Unknown command.
Unknown command.
Press: ? - help, v - describe, . - travel
Here: a minotaur, wielding a +4 glaive of venom, wearing a +0 chain mail, wearing an uncursed ring of protection from magic and quivering 18 javelins (severely wounded)
The floor.
You feel better.
The minotaur hits you from afar with a +4 glaive of venom!!
You die...

#).[# #8.8# ####=.}####
###8.#8.8#.8### #....#...#....#
#.#..#8H8#..#.# #.#..##'##..#.#
#......♣......# #.#.##.#.##.#.#
#.#....#....#.#
###.#.#######.#.###
#≈...............≈# ###
####8..©.©.©.©.©.©.§8#### ### #8#
#8##§..............§§##8# #8#
#################################
...............≈∩≈...............


You could see a minotaur.

Vanquished Creatures
  A hydra (D:9)
  2 centaur warriors (D:9)
  A death knight (D:11)
  3 two-headed ogres
  An unseen horror (D:10)
  A glowing orange brain (Gauntlet)
  A wolf spider (D:11)
  A manticore (D:9)
  2 ugly things
  An ice statue (Gauntlet)
  A rime drake (Gauntlet)
  Maggie (D:8)
  A tengu conjurer (D:11)
  Prince Ribbit (D:5)
  2 trolls
  3 slime creatures (Gauntlet)
  2 dream sheep (D:9)
  A hippogriff (D:8)
  11 yaks
  Grum (D:10)
  4 orc warriors
  3 ice beasts
  3 ogres
  4 wolves
  4 centaurs
  4 big kobolds
  2 bullfrogs
  11 killer bees
  4 wights (D:6)
  2 electric eels (D:8)
  4 crimson imps
  3 centaur skeletons
  11 hounds
  7 orc priests
  4 jellies
  12 orc wizards
  A bullfrog skeleton (D:6)
  2 iguanas
  7 worker ants
  A bullfrog simulacrum (D:11)
  A hound skeleton (D:7)
  4 gnolls (D:10)
  2 worker ant zombies
  6 adders
  10 river rats (D:5)
  3 shadow imps
  An ooze (D:1)
  A dart slug (D:2)
  6 worms
  2 leopard geckos
  39 orcs
  5 bats
  7 giant cockroaches
  4 goblins
  11 hobgoblins
  4 jackals (D:4)
  12 kobolds
  9 quokkas
  11 frilled lizards
  A jackal zombie (D:7)
  A leopard gecko skeleton (D:5)
  A leopard gecko zombie (D:5)
  A quokka skeleton (D:4)
  16 rats
289 creatures vanquished.

Vanquished Creatures (others)
  A fungus (Gauntlet)
  2 plants (Gauntlet)
3 creatures vanquished.

Grand Total: 292 creatures vanquished

Notes
Turn   | Place    | Note
-------+----------+-------------------------------------------
     0 | D:1      | protoss039 the Deep Elf Earth Elementalist began the quest
                  | for the Orb.
     0 | D:1      | Reached XP level 1. HP: 10/10 MP: 6/6
   488 | D:1      | Reached XP level 2. HP: 15/15 MP: 3/8
  1063 | D:2      | Reached skill level 4 in Spellcasting
  1098 | D:2      | Reached XP level 3. HP: 19/19 MP: 8/10
  1416 | D:2      | Found a faded altar of an unknown god.
  1707 | D:3      | Found a runed translucent gate.
  1707 | D:3      | Found a runed translucent gate.
  1707 | D:3      | Found a runed translucent gate.
  1731 | D:3      | Reached skill level 5 in Spellcasting
  1731 | D:3      | Reached XP level 4. HP: 13/24 MP: 8/13
  1748 | D:3      | Learned a level 2 spell: Passwall
  1888 | D:3      | Learned a level 3 spell: Stone Arrow
  2484 | D:3      | Found an ancient bone altar of Kikubaaqudgha.
  2623 | D:3      | Reached XP level 5. HP: 24/28 MP: 1/15
  2799 | D:3      | Found a stormy altar of Qazlal.
  2972 | D:3      | Noticed IHuginn's ghost (amateur DEAE)
  3000 | D:4      | Reached skill level 6 in Spellcasting
  3183 | D:4      | Noticed an ogre
  3187 | D:4      | Killed an ogre
  3187 | D:4      | Reached skill level 1 in Conjurations
  3187 | D:4      | Reached skill level 5 in Earth Magic
  3187 | D:4      | Reached XP level 6. HP: 33/33 MP: 12/17
  3282 | D:4      | Reached skill level 7 in Spellcasting
  3301 | D:4      | Found a burning altar of Makhleb.
  4175 | D:4      | Found a glowing silver altar of Zin.
  4217 | D:4      | Found an ornate altar of the Wu Jian Council.
  4479 | D:5      | Entered Level 5 of the Dungeon
  4528 | D:5      | Reached skill level 8 in Spellcasting
  4537 | D:5      | Reached XP level 7. HP: 37/37 MP: 2/20
  4648 | D:5      | Found a staircase to the Ecumenical Temple.
  4668 | Temple   | Entered the Ecumenical Temple
  4724 | Temple   | Became a worshipper of Vehumet
  5485 | D:5      | Noticed Prince Ribbit
  5493 | D:5      | Killed Prince Ribbit
  5493 | D:5      | Reached skill level 9 in Spellcasting
  5665 | D:5      | Learned a level 4 spell: Petrify
  5671 | D:5      | Learned a level 5 spell: Lee's Rapid Deconstruction
  5673 | D:5      | Reached XP level 8. HP: 42/42 MP: 11/23
  5828 | D:5      | Reached * piety under Vehumet
  5828 | D:5      | Offered knowledge of Freeze by Vehumet.
  6272 | D:6      | Reached skill level 10 in Spellcasting
  6285 | D:6      | Reached skill level 1 in Fighting
  6664 | D:6      | Offered knowledge of Shock by Vehumet.
  6670 | D:6      | Reached ** piety under Vehumet
  6893 | D:7      | Found a glowing golden altar of the Shining One.
  6956 | D:7      | Reached skill level 11 in Spellcasting
  7087 | D:7      | Found Ziah Xed's Antique Armour Shop.
  7251 | D:7      | Reached XP level 9. HP: 34/47 MP: 12/26
  7857 | D:8      | Offered knowledge of Static Discharge by Vehumet.
  7879 | D:8      | Reached skill level 12 in Spellcasting
  8101 | D:8      | Found a sparkling altar of Nemelex Xobeh.
  8102 | D:8      | Found a shadowy altar of Dithmenos.
  8129 | D:8      | Noticed a troll
  8151 | D:8      | Reached skill level 10 in Earth Magic
  8154 | D:8      | Reached *** piety under Vehumet
  8253 | D:8      | Killed a troll
  8302 | D:8      | Found Dene's Food Emporium.
  8302 | D:8      | Found a staircase to the Lair.
  8328 | D:8      | Noticed Maggie
  8338 | D:8      | Killed Maggie
  8800 | D:8      | Found Liogg's Distillery.
  8980 | D:9      | Noticed a manticore
  8983 | D:9      | Killed a manticore
  8983 | D:9      | Reached skill level 13 in Spellcasting
  8983 | D:9      | Reached XP level 10. HP: 52/52 MP: 21/29
  8992 | D:9      | Noticed a centaur warrior
  8996 | D:9      | Killed a centaur warrior
  9210 | D:9      | Noticed a centaur warrior
  9214 | D:9      | Killed a centaur warrior
  9300 | D:9      | Found a blossoming altar of Fedhas.
  9357 | D:9      | Offered knowledge of Olgreb's Toxic Radiance by Vehumet.
  9447 | D:9      | Found a white marble altar of Elyvilon.
  9474 | D:9      | Found a sacrificial altar of Ru.
  9634 | D:9      | Reached skill level 14 in Spellcasting
  9678 | D:9      | Noticed a three-headed hydra
  9685 | D:9      | Killed a three-headed hydra
  9685 | D:9      | Reached XP level 11. HP: 45/57 MP: 1/31
 10009 | D:10     | Entered Level 10 of the Dungeon
 10016 | D:10     | Reached **** piety under Vehumet
 10023 | D:10     | Noticed Grum
 10027 | D:10     | Killed Grum
 10040 | D:10     | Reached skill level 15 in Spellcasting
 10163 | D:10     | Noticed a two-headed ogre
 10390 | D:10     | Offered knowledge of Irradiate by Vehumet.
 10416 | D:10     | Killed a two-headed ogre
 10495 | D:10     | Killed an unseen horror
 10904 | D:11     | Noticed a death knight
 10909 | D:11     | Killed a death knight
 10910 | D:11     | Noticed a wolf spider
 10912 | D:11     | Killed a wolf spider
 11025 | D:11     | Reached skill level 16 in Spellcasting
 11052 | D:11     | Noticed a two-headed ogre
 11054 | D:11     | Killed a two-headed ogre
 11054 | D:11     | Noticed a cyan ugly thing
 11056 | D:11     | Killed a cyan ugly thing
 11056 | D:11     | Noticed a two-headed ogre
 11065 | D:11     | Killed a two-headed ogre
 11145 | D:11     | Found a gate leading to a gauntlet.
 11251 | Gauntlet | Entered a Gauntlet
 11251 | Gauntlet | Found a transporter.
 11260 | Gauntlet | Found a transporter.
 11262 | Gauntlet | Found a transporter.
 11271 | Gauntlet | Found a transporter.
 11285 | Gauntlet | Found a transporter.
 11290 | Gauntlet | Found a transporter.
 11304 | Gauntlet | Noticed a fire crab
 11305 | Gauntlet | Found a transporter.
 11324 | Gauntlet | Found a transporter.
 11324 | Gauntlet | Noticed an orange crystal statue
 11336 | Gauntlet | Found a transporter.
 11340 | Gauntlet | Noticed a wolf spider
 11348 | Gauntlet | Found a transporter.
 11357 | Gauntlet | Noticed a thrashing horror
 11360 | Gauntlet | Found the +2 robe of Vines {NoPotionHeal Regen+7}
 11360 | Gauntlet | Found a transporter.
 11372 | Gauntlet | Found a transporter.
 11375 | Gauntlet | Noticed a glowing orange brain
 11389 | Gauntlet | Found a transporter.
 11397 | Gauntlet | Noticed a purple ugly thing
 11407 | Gauntlet | Found a transporter.
 11409 | Gauntlet | Found a transporter.
 11437 | Gauntlet | Found a transporter.
 11515 | Gauntlet | Found a transporter.
 11535 | Gauntlet | Found a transporter.
 11902 | Gauntlet | Reached XP level 12. HP: 56/62 MP: 17/34
 11955 | Gauntlet | Got a crystal scimitar
 11964 | Gauntlet | Identified the +7 scimitar "Jaump" {freeze, rN+ MR+} (You
                  | found it in a Gauntlet)
 12019 | Gauntlet | Noticed a minotaur
 12029 | Gauntlet | Mangled by a minotaur

Illustrated notes

Levels and vault maps discovered:
D:1:      ncdulo_lavacross, layout_basic
D:2:      layout_rooms, chequers_ecumenical_altar_island
D:3:      layout_rooms, nicolae_overflow_crystal_walls,
          kiku_gazebo_garden_becter, gammafunk_ghost_icy
D:4:      layout_loops_ring, bloody_makhleb, kennysheep_mini_moat, zin_treasury,
          first_ration, minmay_unequal
D:5:      lemuel_ratsnest, layout_cave_pools, minmay_temple_entry_proselytizer,
          chequers_serial_rivers_micro_e, uniq_prince_ribbit1
D:6:      layout_rooms
D:7:      layout_basic, tso_oasis_becter, serial_shops, nicolae_shop_statue_plus
D:8:      layout_rooms, gammafunk_temple_overflow_statue, erik_lair_island,
          serial_shops, shop, shop, uniq_maggie
D:9:      minmay_curly_fans, layout_loops_ring, old_standard_altar,
          elyvilon_altar_5, hangedman_ranch [blue_anna_fruit_fields],
          nicolae_ru_great_annihilating_truth
D:10:     layout_big_octagon, grunt_ministairs_6, uniq_grum
D:11:     minmay_blocky_corners, layout_basic, gauntlet_entry_generic
Temple:   hc_temple_tempest_star
Gauntlet: gammafunk_gauntlet_one_two_three [gammafunk_gauntlet_arena_grid,
          gammafunk_gauntlet_arena_chambers, nicolae_gauntlet_swirl,
          gammafunk_gauntlet_arena_teeth, gammafunk_gauntlet_arena_corners,
          nicolae_gauntlet_arena_t_cross, gammafunk_gauntlet_arena_mazey,
          gammafunk_gauntlet_arena_hedges, nicolae_gauntlet_arena_quarters,
          nicolae_gauntlet_exit_dead_adventurers]

Skill      XL: |  1  2  3  4  5  6  7  8  9 10 11 |
---------------+----------------------------------+-----
Earth Magic    | 4 5 6 8 10 12 14 | 14.3
Spellcasting   | 4 5 6 8 9 11 13 14 16 | 16.8
Conjurations   | 1 2 3 4 |  4.4
Fighting       | 1 |  1.9
Transmutations | 2 |  2.1
Dodging        | |  2.4
Stealth        | |  2.4

Action                   |  1- 3 |  4- 6 |  7- 9 | 10-12 || total
-------------------------+-------+-------+-------+-------++-------
Melee: Short sword       |     9 |    10 |       |       ||    19
       Dagger            |       |    29 |    44 |     1 ||    74
 Cast: Sandblast         |    53 |    29 |    60 |    41 ||   183
       Stone Arrow       |       |    38 |    88 |    29 ||   155
       Lee's Rapid Decon |       |       |    29 |    76 ||   105
       Petrify           |       |       |     4 |    19 ||    23
  Use: Scroll            |       |     6 |     6 |     5 ||    17
       Potion            |       |       |     1 |     6 ||     7
  Eat: Chunk             |     2 |     8 |    19 |     9 ||    38
       Ration            |       |       |       |     1 ||     1
Armor: Robe              |     4 |     2 |     9 |    10 ||    25
       Skin              |       |       |     7 |     4 ||    11
Dodge: Dodged            |    19 |    40 |    63 |    22 ||   144
